 Dungeon Crawl Stone Soup version 0.31-a0-366-ga77b45bd9b (webtiles) character file.

Game seed: 4001061144375662355

316 Bnni the Shooter (level 6, -4/42 HPs)
             Began as an Octopode Hunter on July 28, 2023.
             Killed by an exploding butterfly (27 damage)
             ... ignited by their inner flame
             ... on level 4 of the Dungeon.
             The game lasted 00:04:57 (2816 turns).

Bnni the Shooter (Octopode Hunter)                  Turns: 2816, Time: 00:04:58

Health: -4/42      AC:  1    Str: 11    XL:     6   Next: 44%
Magic:  6/6        EV: 14    Int: 11    God:
Gold:   208        SH:  0    Dex: 17    Spells: 5/5 levels left

rFire   . . .        a - +0 shortbow
rCold   + . .        (shield currently unavailable)
rNeg    . . .        (helmet restricted)
rPois   .            (no amulet)
rElec   .            p - ring of protection from cold
rCorr   .            (no ring)
SInv    .            (no ring)
Will    .....        (no ring)
Stlth   ++++         (no ring)
HPRegen 0.27/turn    (no ring)
MPRegen 0.10/turn    (no ring)
                     (no ring)

%: no passive effects
@: no status effects
A: almost no armour, amphibious, 8 rings, camouflage 1, gelatinous body 1,
(nimble swimmer 1), tentacles
a: no special abilities


You were on level 4 of the Dungeon.
You visited 1 branch of the dungeon, and saw 4 of its levels.

You collected 208 gold pieces.

Inventory:

Hand Weapons
 a - a +0 shortbow (weapon)
 e - a +0 dagger
Missiles
 o - 2 boomerangs of dispersal
Jewellery
 p - a ring of protection from cold (left tentacle)
Wands
 l - a wand of iceblast (16)
Scrolls
 d - a scroll of teleportation
 f - 2 scrolls of identify {unknown}
 h - a scroll of immolation
 i - a scroll of amnesia {unknown}
 k - a scroll of revelation {unknown}
 m - a scroll of vulnerability {unknown}
 n - 2 scrolls of fog {unknown}
Potions
 c - 2 potions of heal wounds {unknown}
 g - 2 potions of haste {unknown}
 j - 2 potions of brilliance {unknown}
 q - a potion of mutation {unknown}


   Skills:
 + Level 3.6 Fighting
 * Level 6.0 Ranged Weapons
 - Level 2.8 Dodging
 + Level 3.5 Stealth


You had 5 spell levels left.
You didn't know any spells.
Your spell library contained the following spells:

 Spells                   Type           Power      Damage    Failure   Level
 Kiss of Death            Conj/Necr      0%         2d5       34%         1
 Magic Dart               Conj           0%         1d3       34%         1
 Slow                     Hex            0%         N/A       34%         1
 Call Imp                 Summ           0%         N/A       47%         2
 Confusing Touch          Hex            0%         N/A       71%         3
 Gell's Gravitas          Tloc           0%         N/A       71%         3
 Mephitic Cloud           Conj/Pois/Air  0%         N/A       71%         3
 Teleport Other           Tloc           0%         N/A       71%         3
 Vampiric Draining        Necr           0%         2d6       71%         3
 Dispel Undead            Necr           0%         3d6       98%         4
 Dispersal                Tloc           0%         N/A       100%        6


Dungeon Overview and Level Annotations

Branches:
Dungeon (4/15)
 Temple: D:4-7

Altars:
Okawaru
Ru
Zin

Annotations:
D:4 1 runed translucent door, Beaer's ghost, amateur DsFi


Innate Abilities, Weirdness & Mutations

You cannot wear most types of armour.
You are amphibious.
You can wear up to eight rings at the same time.
Your skin changes colour to match your surroundings (Stealth+).
Your rubbery body absorbs attacks. (AC +1, EV +1)
((You are camouflaged when in or above water. (Stealth+)))
You have tentacles for arms and can constrict up to eight enemies at once.


Message History

Your butterfly disappears in a burst of colours!
Your butterfly explodes!
The fiery explosion engulfs the ogre!
The fiery explosion engulfs your butterfly!
Your butterfly disappears in a burst of colours!
Your butterfly explodes!
The ogre explodes!
The fiery explosion engulfs your butterfly!!!
Your butterfly disappears in a burst of colours!
Your butterfly explodes!
You feel a bit more experienced.
The fiery explosion engulfs your butterfly!!
Your butterfly disappears in a burst of colours!
The fiery explosion engulfs your butterfly!
Your butterfly disappears in a burst of colours!
Your butterfly explodes! x2
The fiery explosion engulfs your butterfly!!
Your butterfly disappears in a burst of colours!
Your butterfly explodes!
The fiery explosion engulfs your butterfly!
Your butterfly disappears in a burst of colours!
The fiery explosion engulfs your butterfly!!
Your butterfly disappears in a burst of colours!
Your butterfly explodes! x2
You hear an explosion!
Your butterfly explodes!
The fiery explosion engulfs your butterfly!!
Your butterfly disappears in a burst of colours!
The fiery explosion engulfs your butterfly!!
You kill your butterfly!
Your butterfly disappears in a burst of colours!
Your butterfly explodes!
The fiery explosion engulfs your butterfly!!
You kill your butterfly!
Your butterfly disappears in a burst of colours!
The fiery explosion engulfs your butterfly!!
Your butterfly disappears in a burst of colours!
Your butterfly explodes!
The fiery explosion engulfs you!!
Ouch! That really hurt!
You die...

........##.................
##########..#######+######
##..# #.# ######## #...#
#####.##### ..?....### #...#
#...'.'.).# .........# #b..#
#.###.###.# .....(.#b####bbb# #
#.# #.#
.)†#......b.#.§§###'###.###+###
..#.#....##.#.#§@.............+
.#)#.#....#b.§§§###+###.###'###
#.#.#.#....#b§#§# #.# #.#
.#.#.#.#.§§§§.§§# #. #.#
#.#.#.#.#§§§.§§§# ..#
.#.#.#.#.#§.§§§§# ###
#.#.#.#(#§#§§§§§#
.#.#.#.#.#.#§.§.# .#.#.#......


There were no monsters in sight!

Vanquished Creatures
  2 ogres (D:4)
  A scorpion (D:3)
  A hound (D:4)
  5 adders
  3 worms
  3 dart slugs
  6 orcs
  8 bats
  8 endoplasms
  4 giant cockroaches
  13 goblins
  8 hobgoblins
  2 kobolds
  3 quokkas
  8 ball pythons
  3 frilled lizards
  2 rats (D:2)
80 creatures vanquished.

Notes
Turn   | Place    | Note
-------+----------+-------------------------------------------
     0 | D:1      | Bnni the Octopode Hunter began the quest for the Orb.
     0 | D:1      | Reached XP level 1. HP: 14/14 MP: 1/1
    33 | D:1      | Reached XP level 2. HP: 19/19 MP: 2/2
   331 | D:1      | Reached XP level 3. HP: 25/25 MP: 3/3
   923 | D:2      | Found a glowing silver altar of Zin.
   974 | D:2      | Reached XP level 4. HP: 16/30 MP: 4/4
  1161 | D:2      | Reached skill level 5 in Ranged Weapons
  1697 | D:3      | Found a sacrificial altar of Ru.
  1717 | D:3      | Noticed a scorpion
  1740 | D:3      | Killed a scorpion
  1741 | D:3      | Reached XP level 5. HP: 13/36 MP: 5/5
  1885 | D:3      | Found an iron altar of Okawaru.
  2458 | D:4      | Noticed an ogre
  2548 | D:4      | Killed an ogre
  2549 | D:4      | Reached skill level 6 in Ranged Weapons
  2549 | D:4      | Reached XP level 6. HP: 27/42 MP: 6/6
  2630 | D:4      | Found a runed translucent door.
  2633 | D:4      | Noticed Beaer's ghost (amateur DsFi)
  2816 | D:4      | Killed by an exploding butterfly... ignited by their inner
                  | flame

Illustrated notes

Levels and vault maps discovered:
D:1:      ncdulo_watergridlock, layout_loops_cross
D:2:      layout_basic, basic_altar, kennysheep_nub
D:3:      layout_basic, mainiacjoe_overflow_alcove_4, okawaru_gym_becter,
          minmay_distorted
D:4:      cheibrodos_fertilizer, layout_basic, makhleb_blood_cavern_becter,
          fedhas_altar_4, ebering_ghost_sewer_d, minmay_door_square,
          nicolae_the_louvre

Skill      XL: |  1  2  3  4  5 |
---------------+----------------+-----
Ranged Weapons | 5 6 |  6.0
Fighting       | 3 |  3.6
Stealth        | 2 3 |  3.5
Dodging        | |  2.8

Action                     |  1- 3 |  4- 6 || total
---------------------------+-------+-------++-------
  Melee: Dagger            |       |    10 ||    10
         Tentacles         |       |     5 ||     5
   Fire: Shortbow          |    69 |   147 ||   216
  Evoke: Wand              |       |     2 ||     2
    Use: Scroll            |       |     5 ||     5
 Armour: Skin              |     2 |     4 ||     6
  Dodge: Dodged            |    14 |    50 ||    64

Table legend: (Time is in decaauts)
 A = Elapsed time spent in this place.
 B = Non-inter-level travel time spent in this place.
 C = Inter-level travel time spent in this place.
 D = Time resting spent in this place.
 E = Time spent auto-exploring this place.
 F = Levels seen in this place.
 G = Mean time per level.
                   A        B        C        D        E       F      G
               +--------+--------+--------+--------+--------+-----+--------+
         Total |   2843 |   2716 |    127 |    166 |   2072 |   4 |  710.8 |
       Dungeon |   2843 |   2716 |    127 |    166 |   2072 |   4 |  710.8 |
               +--------+--------+--------+--------+--------+-----+--------+

Top non-repeatable levels by time:
     D:2: 894 daAuts
     D:3: 866 daAuts
     D:1: 660 daAuts
     D:4: 422 daAuts
